 Dungeon Crawl Stone Soup version 0.28.0-53-g5a82cb258f (webtiles) character file.

Game seed: 17335383618936820710

12168 Lennethare the Tainter (level 11, -3/86 HPs)
             Began as a Red Draconian Conjurer on Aug 6, 2022.
             Slain by a boulder beetle (23 damage)
             ... on level 11 of the Dungeon.
             The game lasted 00:40:38 (12934 turns).

Lennethare the Tainter (Red Draconian Conjurer)    Turns: 12934, Time: 00:40:39

Health: -3/86      AC:  9    Str: 20    XL:     11   Next: 58%
Magic:  18/18      EV: 13    Int: 24    God:
Gold:   217        SH:  5    Dex:  9    Spells: 1/20 levels left

rFire   + . .      SeeInvis .   C - +8 triple sword "Beno" {spect, +Blink rPois Int+5}
rCold   . . .      Faith    .   (shield currently unavailable)
rNeg    . . .      Spirit   .   (armour unavailable)
rPois   +          Reflect  +   (helmet restricted)
rElec   .          Harm     .   (no cloak)
rCorr   .          Rampage  .   a - +1 pair of gloves
Will    .....                   (no boots)
Stlth   ++........              i - amulet of reflection
HPRegen 0.24/turn               m - +6 ring of strength
MPRegen 0.16/turn               w - +4 ring of slaying

@: short of breath
A: breathe fire, AC +7, unfitting armour, fire resistance 1, cold-blooded
a: Breathe Fire, Evoke Blink


You were on level 11 of the Dungeon.
You visited 2 branches of the dungeon, and saw 12 of its levels.
You also visited: Bailey.

You collected 547 gold pieces.
You spent 330 gold pieces at shops.

Inventory:

Hand Weapons
 C - the +8 triple sword "Beno" (weapon) {spect, +Blink rPois Int+5}
   (You bought it in a shop on level 5 of the Dungeon)

   When its wielder attacks, the weapon's spirit leaps out and strikes again.
   The spirit shares a part of any damage it takes with its wielder.
   Int:       It affects your intelligence (+5).
   rPois:     It protects you from poison.
   +Blink:    It lets you blink.
Armour
 a - a +1 pair of gloves (worn)
 v - a +0 cloak
Magical Staves
 t - a staff of fire
 y - a staff of air
Jewellery
 d - a +4 ring of evasion
 g - a ring of flight
 i - an amulet of reflection (around neck)
 m - a +6 ring of strength (left hand)
 u - a ring of ice
 w - a +4 ring of slaying (right hand)
 B - a ring of protection from fire
Wands
 h - a wand of charming (9)
 A - a wand of acid (4)
 D - a wand of mindburst (8)
 E - a wand of paralysis (6)
 I - a wand of flame (8)
Scrolls
 e - 5 scrolls of blinking
 l - 2 scrolls of brand weapon
 n - 4 scrolls of enchant weapon
 o - a scroll of magic mapping
 q - 2 scrolls of vulnerability
 r - a scroll of fear
 F - 2 scrolls of teleportation
 G - a scroll of identify
 H - a scroll of immolation
 J - a scroll of enchant armour
Potions
 b - 5 potions of curing
 c - a potion of might {unknown}
 f - 2 potions of brilliance {unknown}
 j - a potion of berserk rage {unknown}
 k - 4 potions of heal wounds
 p - 4 potions of haste
 s - a potion of lignification {unknown}
 x - 2 potions of mutation {unknown}
 z - a potion of experience {unknown}
 K - 2 potions of resistance {unknown}


   Skills:
 - Level 5.1 Fighting
 + Level 1.1 Long Blades
 - Level 4.7 Dodging
 - Level 3.7 Stealth
 - Level 5.1 Spellcasting
 - Level 7.2 Conjurations
 - Level 8.0 Hexes
 * Level 5.9 Necromancy
 + Level 4.3 Earth Magic
 - Level 9.0 Poison Magic
 - Level 3.0 Evocations


You had one spell level left.
You knew the following spells:

 Your Spells              Type           Power      Damage    Failure   Level
a - Olgreb's Toxic Radia  Pois           49%        N/A       2%          4
b - Searing Ray           Conj           82%        2d7       1%          2
c - Fulminant Prism       Conj/Hex       21%        3d13      3%          4
d - Animate Dead          Necr           17%        N/A       8%          4
e - Borgnjor's Vile Clut  Necr/Erth      15%        N/A       28%         5

Your spell library contained the following spells:

 Spells                   Type           Power      Damage    Failure   Level
 Magic Dart               Conj           100%       1d8       1%          1
 Sting                    Tmut/Pois      100%       1d8       1%          1
 Poisonous Vapours        Pois/Air       54%        N/A       1%          2
 Dazzling Flash           Conj/Hex       84%        N/A       1%          3
 Iskenderun's Mystic Bla  Conj/Tloc      23%        2d6       21%         4
 Ozocubu's Armour         Ice            6%         N/A       26%         3
 Lee's Rapid Deconstruct  Erth           13%        3d10*     38%         5
 Death Channel            Necr           17%        N/A       75%         6
 Ozocubu's Refrigeration  Ice            3%         4d5       100%        7


Dungeon Overview and Level Annotations

Branches:
Dungeon (11/15)            Temple (1/1) D:6          Bailey (visited)
   Lair: D:8-11         Orc: D:9-12

Altars:
Ashenzari
Dithmenos
Elyvilon
Fedhas
Gozag
Kikubaaqudgha
Makhleb
Nemelex Xobeh
Okawaru
Qazlal
Ru
Sif Muna
Trog
Uskayaw
Wu Jian
Xom
Yredelemnul
Zin

Shops:
D:5 (


Innate Abilities, Weirdness & Mutations

You can breathe blasts of fire.
Your fiery red scales are hard. (AC +7)
You cannot fit into any form of body armour.
Your flesh is heat resistant. (rF+)
You are cold-blooded and may be slowed by cold attacks.


Message History

There is an open door here.
There is an open door here.
There is an open door here.
You see here 12 stones.
K - 2 sapphire potions You open the door.
There is an open door here.
The boulder beetle curls into a ball and begins rolling!
The boulder beetle hits you!!
The boulder beetle stops rolling and uncurls.
The boulder beetle barely misses you.
Aiming: Breathe Fire (3% risk of failure)
Press: ? - help, Shift-Dir - straight line, f - boulder beetle
Aim: a boulder beetle (100% to hit)
You breathe a blast of fire.
The fiery breath hits the boulder beetle.
The boulder beetle is lightly wounded.
The boulder beetle is engulfed in blazing flames.
The boulder beetle barely misses you.
You barely miss the boulder beetle.
You tail-slap the boulder beetle, but do no damage.
The boulder beetle is lightly wounded.
Your +8 triple sword "Beno" {spect, +Blink rPois Int+5} hits the boulder beetle!!
The boulder beetle leaps!
You swap places.
The boulder beetle curls into a ball and begins rolling!
The boulder beetle hits you!!!
Ouch! That really hurt!
* * * LOW HITPOINT WARNING * * *
The boulder beetle stops rolling and uncurls.
You hear an angry growl.
Aiming: Paralyse
Press: ? - help, Q - select action, (/) - cycle Shift-Dir - straight line, f/p - boulder beetle
Aim: a boulder beetle (moderately wounded, chance to affect: 38%)
Okay, then.
Casting: Fulminant Prism (dangerous; 3% risk of failure)
Confirm with . or Enter, or press ? or * to list all spells.
Okay, then.
The boulder beetle bites you!!
You die...

#..........#.....#
#..........#.....#
#######(.........#.....#
+................#.....#
#................#.....#
#................#.....#
###'########.....#######
#.†.)..#...B..........
#.†....#....@.........
#####......#...............
#..........#.........######
#..........#............
+...######'#####........
#...'....#.....#######..
#...#....#.....#.....#..
....#....#.....'.....#
....#....#.....#.....#


You could see a boulder beetle.

Vanquished Creatures
  3 two-headed ogres
  Maurice (D:10)
  A gargoyle (D:11)
  Psyche (D:10)
  A troll (D:10)
  A hornet (D:8)
  3 shadows (D:10)
  16 yaks
  A wraith (D:7)
  A wyvern (D:10)
  A steam dragon (D:5)
  Grum (D:10)
  5 vampire mosquitoes
  3 water moccasins
  8 orc warriors
  An ice beast (D:6)
  A sky beast (D:7)
  2 black bears (D:6)
  4 wolves (D:10)
  2 necrophages
  3 ogres
  2 centaurs
  A phantom (D:6)
  A kobold brigand (D:6)
  2 bullfrogs
  2 gnoll sergeants
  2 wyvern zombies
  2 scorpions
  A water moccasin skeleton (D:5)
  5 wights (D:8)
  2 howler monkeys (D:4)
  7 centaur zombies
  A bullfrog zombie (D:6)
  3 hounds
  3 centaur skeletons
  8 orc priests
  A bullfrog skeleton (D:6)
  A jelly (D:7)
  3 iguanas
  7 orc wizards
  A killer bee zombie (D:7)
  4 gnolls
  6 adders
  A shadow imp (D:5)
  A white imp (D:7)
  An adder zombie (D:5)
  A worm (D:2)
  A dart slug (D:1)
  35 orcs
  8 endoplasms
  A giant cockroach (D:2)
  7 goblins
  2 hobgoblins
  4 jackals (D:4)
  11 kobolds
  2 quokkas
  8 ball pythons
  6 bats
  2 frilled lizards (D:1)
  6 rats
222 creatures vanquished.

Vanquished Creatures (others)
  A yak (D:10)
  A butterfly (D:6)
  28 fulminant prisms
30 creatures vanquished.

Grand Total: 252 creatures vanquished

Notes
Turn   | Place    | Note
-------+----------+-------------------------------------------
     0 | D:1      | Lennethare the Draconian Conjurer began the quest for the
                  | Orb.
     0 | D:1      | Reached XP level 1. HP: 14/14 MP: 3/3
   163 | D:1      | Reached skill level 1 in Hexes
   315 | D:1      | Reached XP level 2. HP: 20/20 MP: 0/5
   318 | D:1      | Learned a level 2 spell: Searing Ray
  1269 | D:2      | Reached XP level 3. HP: 18/26 MP: 2/6
  2135 | D:2      | Found a faded altar of an unknown god.
  2166 | D:3      | Reached XP level 4. HP: 16/33 MP: 3/7
  2336 | D:3      | Learned a level 4 spell: Fulminant Prism
  2678 | D:3      | Found an ornate altar of the Wu Jian Council.
  2921 | D:4      | Reached XP level 5. HP: 24/38 MP: 0/8
  3107 | D:4      | Reached skill level 5 in Hexes
  3402 | D:4      | Reached XP level 6. HP: 43/45 MP: 4/9
  3610 | D:5      | Entered Level 5 of the Dungeon
  3628 | D:5      | Found a shimmering blue altar of Sif Muna.
  4021 | D:5      | Noticed a steam dragon
  4128 | D:5      | HP: 1/45 [steam dragon/ball of steam (11)]
  4130 | D:5      | Killed a steam dragon
  4131 | D:5      | Your scales start taking on a fiery red colour.
  4131 | D:5      | Reached XP level 7. HP: 1/50 MP: 0/10
  4131 | D:5      | Gained mutation: Your flesh is heat resistant. (rF+) [Red
                  | Draconian growth]
  4766 | D:5      | Reached skill level 5 in Conjurations
  4904 | D:5      | Found Ohup's Antique Weapon Boutique.
  5459 | D:6      | Found a staircase to the Ecumenical Temple.
  5473 | Temple   | Entered the Ecumenical Temple
  5764 | D:6      | Reached XP level 8. HP: 58/58 MP: 5/11
  5792 | D:6      | Reached skill level 1 in Fighting
  6557 | D:6      | Found a white marble altar of Elyvilon.
  6739 | D:6      | Reached XP level 9. HP: 66/70 MP: 14/14
  7130 | D:7      | Reached skill level 1 in Evocations
  7161 | D:7      | Found a flagged portal.
  7174 | Bailey   | Entered a bailey
  8870 | D:8      | Reached skill level 5 in Fighting
  8938 | D:8      | Reached XP level 10. HP: 62/81 MP: 15/17
  9050 | D:8      | Learned a level 4 spell: Olgreb's Toxic Radiance
  9161 | D:5      | Bought a crude triple sword for 330 gold pieces
  9161 | D:5      | Identified the +8 triple sword "Beno" {spect, +Blink rPois
                  | Int+5} (You bought it in a shop on level 5 of the Dungeon)
  9464 | D:8      | Reached skill level 5 in Spellcasting
  9464 | D:8      | Reached skill level 1 in Poison Magic
  9611 | D:8      | Identified the +1 ring mail of a ziggurat {Str+4}
  9856 | D:8      | Reached skill level 2 in Poison Magic
  9886 | D:9      | Reached skill level 3 in Poison Magic
  9891 | D:9      | Noticed a two-headed ogre
 10099 | D:9      | Reached skill level 4 in Poison Magic
 10165 | D:9      | Reached skill level 5 in Poison Magic
 10170 | D:9      | Reached skill level 6 in Poison Magic
 10801 | D:9      | Killed a two-headed ogre
 10802 | D:9      | Reached skill level 7 in Poison Magic
 11016 | D:10     | Entered Level 10 of the Dungeon
 11029 | D:10     | Noticed a two-headed ogre
 11038 | D:10     | Killed a two-headed ogre
 11039 | D:10     | Reached skill level 8 in Poison Magic
 11660 | D:10     | Reached skill level 9 in Poison Magic
 11660 | D:10     | Reached XP level 11. HP: 86/86 MP: 18/18
 11674 | D:10     | Learned a level 4 spell: Animate Dead
 11680 | D:10     | Learned a level 5 spell: Borgnjor's Vile Clutch
 11770 | D:10     | Noticed Grum
 11782 | D:10     | Reached skill level 1 in Necromancy
 11782 | D:10     | Reached skill level 1 in Earth Magic
 12008 | D:10     | Noticed Psyche
 12015 | D:10     | Killed Psyche
 12017 | D:10     | Noticed a two-headed ogre
 12031 | D:10     | Killed a two-headed ogre
 12032 | D:10     | Killed Grum
 12189 | D:10     | Noticed Maurice
 12192 | D:10     | Killed Maurice
 12193 | D:10     | Reached skill level 5 in Necromancy
 12333 | D:10     | Found a broken altar of Ashenzari.
 12574 | D:10     | Identified the +1 plate armour of the King of the Hill
                  | {rPois Int+4}
 12749 | D:11     | Reached skill level 1 in Long Blades
 12854 | D:11     | Noticed a boulder beetle
 12934 | D:11     | Slain by a boulder beetle

Illustrated notes

Levels and vault maps discovered:
D:1:      lightli_arrival_flooded_house, layout_loops_ring
D:2:      minmay_diamond_boxcup, layout_loops_ring,
          hellmonk_ecumenical_altar_inner_sanctum
D:3:      layout_basic, nicolae_wu_jian_immortal_techniques,
          guppyfry_early_lair_pool
D:4:      layout_rooms
D:5:      layout_loops_ring, nicolae_sif_muna_little_library,
          nicolae_overflow_hidden_temple, serial_shops, shop,
          amcnicky_mini_corridor_feature
D:6:      layout_gridville, nicolae_elyvilon_peaceful_grove, temple_pool_b,
          minmay_diced_spiral
D:7:      layout_cave_pools, enter_bailey_6
D:8:      nicolae_cairo_tiling_large, layout_basic
D:9:      layout_big_octagon
D:10:     layout_loops_ring, general_overflow_altar, minmay_starry_boxes,
          uniq_grum, uniq_maurice, uniq_psyche
D:11:     layout_grid_maze, due_lair_maze_entry_diamond,
          hangedman_decor_peaks_small, lemuel_nasty_fountain
Temple:   minmay_temple_curvy_branch

Skill      XL: |  1  2  3  4  5  6  7  8  9 10 11 |
---------------+----------------------------------+-----
Hexes          | 1 2 3 4 5 6 7 8 |  8.0
Conjurations   | 5 6 7 |  7.2
Dodging        | 2 3 4 |  4.7
Fighting       | 3 5 |  5.1
Spellcasting   | 3 4 5 |  5.1
Stealth        | 3 |  3.7
Evocations     | 3 |  3.0
Poison Magic   | 9 |  9.0
Necromancy     | 5 |  5.9
Earth Magic    | 4 |  4.3
Long Blades    | 1 |  1.1

Action                   |  1- 3 |  4- 6 |  7- 9 | 10-12 || total
-------------------------+-------+-------+-------+-------++-------
Melee: Unarmed           |     6 |       |       |       ||     6
       Dagger            |    54 |    53 |    13 |       ||   120
       Tailslap          |     4 |     7 |    20 |    11 ||    42
       Punch             |     1 |       |       |       ||     1
       Spear             |       |       |    81 |       ||    81
       Triple sword      |       |       |       |    77 ||    77
 Cast: Magic Dart        |    23 |     9 |     1 |       ||    33
       Searing Ray       |     7 |    15 |    28 |     1 ||    51
       Fulminant Prism   |       |     3 |    16 |     9 ||    28
       Olgreb's Toxic Ra |       |       |       |     3 ||     3
       Animate Dead      |       |       |       |     1 ||     1
 Abil: Breathe Fire      |       |       |    30 |    16 ||    46
  Use: Scroll            |       |       |    12 |     9 ||    21
 Stab: Sleeping          |     4 |     3 |     2 |       ||     9
       Distracted        |       |       |     1 |       ||     1
Armor: Skin              |    25 |    18 |    83 |    38 ||   164
Dodge: Dodged            |    53 |    28 |   117 |    49 ||   247
Block: Other             |       |    11 |    44 |    30 ||    85
       Reflection        |       |       |     3 |       ||     3
